 Dungeon Crawl Stone Soup version 0.30.1-9-gdf580d7c3d (webtiles) character file.

Game seed: 8459500252289746690

2177 monsoonserge the Skirmisher (level 9, 0/46 HPs)
             Began as a Spriggan Hunter on Oct 7, 2023.
             Was a Follower of Okawaru.
             Slain by a hornet (14 damage)
             ... on level 8 of the Dungeon.
             The game lasted 00:26:53 (7600 turns).

monsoonserge the Skirmisher (Spriggan Hunter)       Turns: 7600, Time: 00:26:54

Health: 0/46       AC:  5    Str:  7    XL:     9   Next: 11%
Magic:  12/13      EV: 19    Int: 10    God:    Okawaru [*.....]
Gold:   425        SH:  0    Dex: 23    Spells: 7/12 levels left

rFire   . . .        a - +0 shortbow
rCold   . . .        (shield currently unavailable)
rNeg    . . .        c - +0 robe
rPois   .            G - +2 hat
rElec   .            Q - +0 cloak
rCorr   .            (gloves unavailable)
SInv    +            (boots unavailable)
Will    ++...        p - amulet of magic regeneration
Stlth   +++          O - ring of wizardry
HPRegen 0.27/turn    K - ring of willpower
MPRegen 0.53/turn

%: wizardry (x1)
@: lethally poisoned (0 -> -10), on blink cooldown, very quick
A: very small, no large weapons, unfitting armour, see invisible, speed 3
a: Renounce Religion, Heroism


You were on level 8 of the Dungeon.
You worshipped Okawaru.
Okawaru was aware of your devotion.
You visited 2 branches of the dungeon, and saw 9 of its levels.
You also visited: Sewer.

You collected 425 gold pieces.

Inventory:

Hand Weapons
 a - a +0 shortbow (weapon)
 e - a +0 sling
 w - the +4 consecrated labrys {holy, Valiant Fragile Fly SInv}
   (You found it in a sewer)

   Valiant:   It becomes more powerful as more dangerous foes come into view.
   SInv:      It lets you see invisible.
   Fly:       It grants you flight.
   Fragile:   It will be destroyed if unequipped.
 L - the +6 rapier of Beogh, Jumping {freeze, rF+}
   (You found it on level 5 of the Dungeon)

   rF:        It protects you from fire.
Missiles
 q - 56 poisoned darts
 E - 3 atropa-tipped darts
 P - a throwing net
 T - a curare-tipped dart
 U - 6 boomerangs
Armour
 c - a +0 robe (worn)
 G - a +2 hat (worn)
 Q - a +0 cloak (worn)
Magical Staves
 f - a staff of conjuration
 o - a staff of poison
Jewellery
 p - an amulet of magic regeneration (around neck)
 s - an amulet of guardian spirit
 v - a +6 ring of intelligence
 H - a +6 ring of strength
 K - a ring of willpower (right hand)
 N - a +5 ring of evasion
 O - a ring of wizardry (left hand)
Wands
 y - a wand of roots (16)
 R - a wand of flame (20)
Scrolls
 b - a scroll of immolation
 d - a scroll of summoning {unknown}
 j - 2 scrolls of noise {unknown}
 m - 5 scrolls of identify {unknown}
 n - 5 scrolls of teleportation {unknown}
 r - 2 scrolls of blinking {unknown}
 t - a scroll of acquirement {unknown}
 u - 2 scrolls of poison {unknown}
 D - a scroll of amnesia {unknown}
 F - a scroll of torment {unknown}
 M - 3 scrolls of fear {unknown}
 S - a scroll of enchant weapon {unknown}
 V - 2 scrolls of magic mapping {unknown}
Potions
 g - a potion of degeneration {unknown}
 h - 7 potions of curing {unknown}
 i - 4 potions of invisibility {unknown}
 k - 2 potions of heal wounds {unknown}
 l - a potion of magic {unknown}
 x - 3 potions of haste {unknown}
 z - 6 potions of might {unknown}
 A - 2 potions of mutation {unknown}
 B - 2 potions of ambrosia {unknown}
 C - a potion of flight {unknown}
 I - a potion of brilliance {unknown}
 J - a potion of berserk rage {unknown}
 W - a potion of lignification


   Skills:
 + Level 4.4 Fighting
 + Level 10.5 Ranged Weapons
 + Level 3.9 Dodging
 + Level 3.3 Stealth
 - Level 2.0 Spellcasting
 - Level 2.0 Hexes
 - Level 4.0 Translocations


You had 7 spell levels left.
You knew the following spells:

 Your Spells              Type           Power      Damage    Failure   Level
a - Blink                 Tloc           18%        N/A       3%          2
b - Portal Projectile     Hex/Tloc       14%        N/A       11%         3

Your spell library contained the following spells:

 Spells                   Type           Power      Damage    Failure   Level
 Apportation              Tloc           18%        N/A       2%          1
 Slow                     Hex            20%        N/A       6%          1
 Gell's Gravitas          Tloc           9%         N/A       8%          3
 Teleport Other           Tloc           9%         N/A       8%          3
 Beastly Appendage        Tmut           2%         N/A       12%         1
 Magic Dart               Conj           4%         1d3       12%         1
 Necrotise                Necr           4%         1d4       12%         1
 Sandblast                Erth           2%         2d4       12%         1
 Confusing Touch          Hex            5%         N/A       16%         3
 Volatile Blastmotes      Fire/Tloc      10%        2d10      16%         3
 Wereblood                Tmut           1%         N/A       19%         2
 Manifold Assault         Tloc           9%         N/A       24%         4
 Spider Form              Tmut/Pois      1%         N/A       34%         3
 Vampiric Draining        Necr           1%         2d6       34%         3
 Iskenderun's Mystic Bla  Conj/Tloc      5%         2d3       45%         4
 Fulminant Prism          Conj/Hex       1%         3d5       58%         4
 Alistair's Intoxication  Tmut/Pois      0%         N/A       96%         5
 Blade Hands              Tmut           0%         N/A       96%         5
 Lee's Rapid Deconstruct  Erth           0%         3d4*      96%         5
 Dispersal                Tloc           4%         N/A       97%         6
 Storm Form               Tmut/Air       0%         N/A       100%        7
 Tukima's Dance           Hex            Unusable   N/A       N/A         3

Dungeon Overview and Level Annotations

Branches:
Dungeon (8/15)             Temple (1/1) D:7           Sewer (visited)
   Lair: D:8-11

Altars:
Ashenzari
Cheibriados
Dithmenos
Elyvilon
Fedhas
Hepliaklqana
Makhleb
Nemelex Xobeh
Okawaru
Qazlal
Sif Muna
Trog
Uskayaw
Vehumet
Wu Jian
Yredelemnul

Shops:
D:3 *


Innate Abilities, Weirdness & Mutations

You are very small and have problems with some larger weapons.
You are too small for most types of armour.
You have supernaturally acute eyesight. (SInv)
You cover ground extremely quickly. (Speed+++)


Message History

You kill the killer bee!
Okawaru accepts your kill.
No target in view!
You start resting.
HP restored.
Okay, then.
Things that are here:
a killer bee corpse; a killer bee corpse; a killer bee corpse You now have 425 gold pieces (gained 22).
Found a stone staircase leading down.
A hornet comes into view.
You shoot an arrow.
The arrow hits the hornet but does no damage.
The hornet buzzes angrily.
You shoot an arrow. The arrow barely misses the hornet.
No target in view!
You shoot an arrow. The arrow misses the hornet.
You shoot an arrow. The arrow barely misses the hornet.
The hornet misses you. The hornet completely misses you.
You shoot an arrow. The arrow closely misses the hornet.
The hornet stings you!
You are poisoned.
You feel yourself slow down.
You shoot an arrow. The arrow hits the hornet.
The hornet is lightly wounded.
You feel yourself speed up.
You feel very sick. The hornet stings you.
You are more poisoned.
You feel yourself slow down. The hornet misses you.
Casting: Blink (safe; 3% risk of failure)
Confirm with . or Enter, or press ? or * to list all spells.
Okay, then.
You feel very sick.
Casting: Blink (safe; 3% risk of failure)
Confirm with . or Enter, or press ? or * to list all spells.
You blink.
You feel yourself speed up.
You feel very sick. The hornet stings you!
You die...

####.####..>.....
..........##..##.
####..........#
#########.##
#.##### #.....#
#####ยง# #y# #@#
#.# #........
###.##### .# #


You could see a hornet.

Vanquished Creatures
  A manticore (D:8)
  An orc warrior (D:5)
  A sky beast (D:7)
  2 ogres
  2 kobold brigands
  3 bullfrogs (D:7)
  A scorpion (D:5)
  4 killer bees (D:8)
  2 hounds (D:5)
  A gnoll bouda (D:7)
  2 jellies
  3 orc priests
  4 iguanas
  5 orc wizards
  7 gnolls
  9 adders
  8 river rats (Sewer)
  3 shadow imps
  3 white imps
  3 ufetubi
  3 worms
  3 dart slugs
  17 orcs
  10 endoplasms
  7 giant cockroaches
  5 goblins
  5 hobgoblins
  32 kobolds
  6 quokkas
  10 ball pythons
  8 bats
  8 frilled lizards
  13 rats
192 creatures vanquished.

Notes
Turn   | Place    | Note
-------+----------+-------------------------------------------
     0 | D:1      | monsoonserge the Spriggan Hunter began the quest for the
                  | Orb.
     0 | D:1      | Reached XP level 1. HP: 10/10 MP: 2/2
   255 | D:1      | Reached XP level 2. HP: 15/15 MP: 3/3
   412 | D:1      | Found a faded altar of an unknown god.
   655 | D:1      | Reached XP level 3. HP: 18/18 MP: 4/4
   904 | D:2      | Reached skill level 5 in Ranged Weapons
  1985 | D:3      | Reached XP level 4. HP: 23/23 MP: 5/5
  1998 | D:3      | Found a glowing drain.
  2002 | Sewer    | Entered a sewer
  2033 | Sewer    | Found the +4 consecrated labrys {holy, Valiant Fragile Fly
                  | SInv}
  2223 | Sewer    | HP: 1/23 [river rat (6)]
  2383 | Sewer    | Reached skill level 6 in Ranged Weapons
  2419 | Sewer    | Reached XP level 5. HP: 26/26 MP: 6/6
  3097 | D:3      | Learned a level 2 spell: Blink
  3215 | D:3      | Found Odeak's General Store.
  3228 | D:3      | Reached skill level 1 in Translocations
  3871 | D:4      | Reached XP level 6. HP: 16/32 MP: 4/7
  4053 | D:4      | Found a radiant altar of Vehumet.
  4133 | D:4      | Found a burning altar of Makhleb.
  4133 | D:4      | Found a broken altar of Ashenzari.
  4156 | D:4      | Reached skill level 7 in Ranged Weapons
  4156 | D:4      | Reached skill level 1 in Spellcasting
  4182 | D:5      | Entered Level 5 of the Dungeon
  4257 | D:5      | Learned a level 3 spell: Portal Projectile
  4449 | D:5      | Found a hide-covered altar of Uskayaw.
  4457 | D:5      | Identified the +6 rapier of Beogh, Jumping {freeze, rF+}
  4600 | D:5      | Reached XP level 7. HP: 35/35 MP: 8/10
  4607 | D:5      | Got Hura's Beginning Course on Thaumaturgy
  4768 | D:5      | Reached skill level 1 in Hexes
  5379 | D:6      | Found a bloodstained altar of Trog.
  5556 | D:6      | Reached skill level 8 in Ranged Weapons
  5971 | D:6      | Reached XP level 8. HP: 29/40 MP: 12/12
  6332 | D:7      | Reached skill level 9 in Ranged Weapons
  6651 | D:7      | Found a staircase to the Ecumenical Temple.
  6669 | Temple   | Entered the Ecumenical Temple
  6919 | Temple   | Became a worshipper of Warmaster Okawaru
  7464 | D:8      | Noticed a manticore
  7477 | D:8      | Killed a manticore
  7477 | D:8      | Reached * piety under Okawaru
  7478 | D:8      | Reached skill level 10 in Ranged Weapons
  7478 | D:8      | Reached XP level 9. HP: 32/46 MP: 13/13
  7600 | D:8      | Slain by a hornet

Illustrated notes

Levels and vault maps discovered:
D:1:      heliophobic_arrival_battle_scene, layout_loops_ring,
          ebering_ecumenical_altar_rust, minmay_heptomino_w4
D:2:      layout_loops_ring, minivault_4, chequers_big_river
D:3:      layout_loops_ring, serial_shops, shop, gup_sewer_entry_bowl
D:4:      layout_rooms, amcnicky_altar_gilded, gammafunk_temple_overflow_pools
D:5:      layout_basic, eat_drink_and_be_merry_uskayaw
D:6:      layout_rooms, lemuel_doored_altar, kennysheep_generic_room_15
D:7:      layout_basic, minmay_temple_entry_proselytizer
D:8:      layout_loops_ring, abandoned_shop
Temple:   minmay_temple_curvy_loop

Skill      XL: |  1  2  3  4  5  6  7  8 |
---------------+-------------------------+-----
Ranged Weapons | 5 6 7 8 10 | 10.5
Fighting       | 2 3 4 |  4.4
Translocations | 1 3 4 |  4.0
Dodging        | 3 |  3.9
Spellcasting   | 1 2 |  2.0
Stealth        | 3 |  3.3
Hexes          | 1 2 |  2.0

Action                     |  1- 3 |  4- 6 |  7- 9 || total
---------------------------+-------+-------+-------++-------
   Fire: Shortbow          |   116 |   251 |   329 ||   696
   Cast: Blink             |       |       |     2 ||     2
    Use: Potion            |     1 |       |       ||     1
 Armour: Robe              |     4 |     5 |    24 ||    33
         Skin              |     8 |       |       ||     8
  Dodge: Dodged            |    48 |    64 |   127 ||   239
